 Dungeon Crawl Stone Soup version 0.28-a0-998-gb9e9c7b67e (webtiles) character file.

Game seed: 7846274282632689758

91 devnull the Skirmisher (level 4, 0/40 HPs)
             Began as a Ghoul Fighter on Dec 6, 2021.
             Killed from afar by Natasha (6 damage)
             ... with a magic dart
             ... on level 3 of the Dungeon.
             The game lasted 00:02:57 (1475 turns).

devnull the Skirmisher (Ghoul Fighter)              Turns: 1475, Time: 00:02:58

Health: 0/40       AC:  6    Str: 21    XL:     4   Next: 57%
Magic:  3/3        EV:  9    Int:  3    God:
Gold:   65         SH:  4    Dex:  8    Spells: 3/3 levels left

rFire   . . .      SeeInvis .   a - +0 war axe
rCold   + . .      Faith    .   c - +0 buckler
rNeg    + + +      Spirit   .   b - +0 scale mail
rPois   ∞          Reflect  .   (no helmet)
rElec   .          Harm     .   (no cloak)
rCorr   .          Rampage  .   (no gloves)
Will    .....                   (no boots)
Stlth   ..........              (no amulet)
HPRegen 0.00/turn               (no ring)
MPRegen 0.08/turn               (no ring)

@: inhibited regen
A: claws 1, cold resistance 1, negative energy resistance 3, inhibited
regeneration, torment resistance 2
a: no special abilities


You were on level 3 of the Dungeon.
You visited 1 branch of the dungeon, and saw 3 of its levels.

You collected 65 gold pieces.

Inventory:

Hand Weapons
 a - a +0 war axe (weapon)
Armour
 b - a +0 scale mail (worn)
 c - a +0 buckler (worn)
Scrolls
 f - a scroll of silence {unknown}
 g - a scroll of noise {unknown}
 i - a scroll of teleportation {unknown}
 k - a scroll of identify {unknown}
 l - a scroll of fog {unknown}
 m - a scroll of blinking
 n - a scroll of enchant armour {unknown}
Potions
 d - a potion of might
 e - 3 potions of brilliance {unknown}
 h - 2 potions of curing {unknown}
 j - 2 potions of lignification {unknown}


   Skills:
 + Level 4.0 Fighting
 + Level 2.5 Axes
 + Level 3.3 Armour
 + Level 3.3 Shields


You had 3 spell levels left.
You didn't know any spells.
Your spell library was empty.

Dungeon Overview and Level Annotations

Branches:
Dungeon (3/15)

Altars:

Shops:
D:1 [   D:3 :![:

Annotations:
D:3 Natasha


Innate Abilities, Weirdness & Mutations

You thrive by killing the living.
You are immune to poison.
You have sharp fingernails.
Your flesh is cold resistant. (rC+)
You are immune to negative energy. (rN+++)
You do not regenerate when monsters are visible.
You are immune to unholy pain and torment.


Message History

n - a scroll labelled OXKOOF KEOTUOL You see here a +0 club.
An endoplasm comes into view.
Found Nepruar's Book Shoppe.
The endoplasm quivers.
You slash the endoplasm!
You kill the endoplasm!
No target in view!
No target in view!
No target in view!
There is an entrance to Nepruar's Book Shoppe here.
Found Neut's Distillery.
Natasha, Servant of Life and Death comes into view.
Found a scroll labelled ZIACOCWOCHE.
Natasha hisses angrily.
Natasha is nearby!
You aren't carrying any items that you can evoke.
Found a scroll labelled AGOMAR QIFRAQU.
Natasha casts a spell at you.
The magic dart hits you but does no damage.
There is an entrance to Neut's Distillery here.
Natasha barely misses you.
You closely miss Natasha. Natasha closely misses you.
Natasha barely misses you.
You hit Natasha.
Natasha is moderately wounded.
Natasha claws you!
You closely miss Natasha.
Natasha is moderately wounded.
Natasha casts a spell at you. The magic dart hits you!
* * * LOW HITPOINT WARNING * * *
Okay, then.
Natasha closely misses you.
There is an entrance to Neut's Distillery here.
A rat comes into view.
Natasha claws you but does no damage. Natasha casts a spell at you.
The magic dart hits you.
You die...

..... ## #.#.#
##.##.#.######...#... .
##......∩........∩....
..#......#.#...........
.........#....?...(...
..#....h#########...#
##..r.# #......# ##.#@#
##.PPP..# # #.#.##
#...∩P..# ... #.#..##
#...PP..#
#..##.....###.......#
##........#)...####.##
.......∩..##.### #.#####
###.#.#######...###......
# ## ##.......)..
#..###.#.##


You could see Natasha and a rat.

Vanquished Creatures
  Natasha (D:3)
  2 adders (D:2)
  A dart slug (D:1)
  An orc (D:3)
  4 ball pythons
  3 endoplasms
  2 giant cockroaches
  6 goblins
  3 hobgoblins
  2 jackals (D:2)
  A quokka (D:1)
  5 bats
  A frilled lizard (D:1)
  7 kobolds
  5 rats
44 creatures vanquished.

Notes
Turn   | Place    | Note
-------+----------+-------------------------------------------
     0 | D:1      | devnull the Ghoul Fighter began the quest for the Orb.
     0 | D:1      | Reached XP level 1. HP: 19/19 MP: 0/0
   101 | D:1      | Reached XP level 2. HP: 16/26 MP: 1/1
   398 | D:1      | Found Fiasuon's Antique Armour Boutique.
   563 | D:1      | Reached XP level 3. HP: 28/31 MP: 2/2
  1221 | D:2      | Found a faded altar of an unknown god.
  1229 | D:2      | Reached XP level 4. HP: 40/40 MP: 3/3
  1414 | D:3      | Found Osmeom's Antique Armour Emporium.
  1423 | D:3      | Found Luergh's Book Shop.
  1431 | D:3      | Noticed Natasha
  1446 | D:3      | Killed Natasha
  1447 | D:3      | Reached skill level 4 in Fighting
  1449 | D:3      | Found Nepruar's Book Shoppe.
  1461 | D:3      | Found Neut's Distillery.
  1462 | D:3      | Noticed Natasha
  1475 | D:3      | Killed from afar by Natasha

Illustrated notes

Levels and vault maps discovered:
D:1:      scummos_arrival_forest, layout_rooms, serial_shops,
          nicolae_shop_statue_plus, amcnicky_mini_corridor_feature,
          serial_park_tiny_1
D:2:      layout_basic, basic_ecumenical_altar
D:3:      layout_loops_cross, nemelex_diamond_rough_becter,
          gup_sewer_entry_bowl, serial_shops, nicolae_shop_crystal, shop,
          nicolae_shop_overgrown_old_shop, shop, nicolae_lakefront_shop,
          chequers_mini_garden, uniq_robin, uniq_natasha

Skill      XL: |  1  2  3  4 |
---------------+-------------+-----
Axes           | 2 |  2.5
Armour         | 3 |  3.3
Shields        | 3 |  3.3
Fighting       | 4 |  4.0

Action                   |  1- 3 |  4- 6 || total
-------------------------+-------+-------++-------
Melee: War axe           |   125 |    27 ||   152
  Use: Scroll            |       |     1 ||     1
Armor: Scale mail        |    75 |     8 ||    83
Dodge: Dodged            |    94 |     8 ||   102
Block: Buckler           |    37 |     6 ||    43

Table legend: (Time is in decaauts)
 A = Elapsed time spent in this place.
 B = Non-inter-level travel time spent in this place.
 C = Inter-level travel time spent in this place.
 D = Time resting spent in this place.
 E = Time spent auto-exploring this place.
 F = Levels seen in this place.
 G = Mean time per level.
                   A        B        C        D        E       F      G
               +--------+--------+--------+--------+--------+-----+--------+
         Total |   1537 |   1490 |     47 |      0 |   1114 |   3 |  512.3 |
       Dungeon |   1537 |   1490 |     47 |      0 |   1114 |   3 |  512.3 |
               +--------+--------+--------+--------+--------+-----+--------+

Top non-repeatable levels by time:
     D:2: 804 daAuts
     D:1: 652 daAuts
     D:3: 80 daAuts
